Map: Ombre blu LE

Players

KoEcho - Winner!

  • Race: Protoss Protoss
  • League: Silver
  • Spawn Location: 1:00

I.A. 1 (Molto difficile)

  • Race: Zerg Zerg
  • Spawn Location: 7:00

VOD

Have the link to the VOD?

Description

Time

  • Played on: Dec. 26, 2018, 8:26 a.m.
  • Length: 17:50
Show
View Real Time Build Order
Export as new Build Order

KoEcho Protoss - Winner!

Build Orders: 1 Gate Expand 

Get SALT Encoding   

  12  0:03  Probe  
  13  0:15  Probe  
  14  0:27  Pylon  
  15  0:28  Probe  
  15  0:35  Assimilator  
  15  0:45  Probe  
  15  0:48  Gateway  
  16  0:57  Probe  
  17  1:09  Probe  
  18  1:21  Probe  
  19  1:31  Nexus  
  19  1:42  Cybernetics Core  
  19  1:50  Probe  
  20  1:57  Pylon  
  20  2:01  Warp Gate  
  20  2:05  Probe  
  21  2:12  Assimilator  
  21  2:17  Probe  
  21  2:22  Adept  
  25  2:30  Probe  
  25  2:37  Gateway  
  25  2:44  Probe  
  25  2:45  Probe  
  25  2:46  Stalker  
  27  2:56  Probe  
  27  2:57  Probe  
  31  3:08  Probe  
  32  3:20  Stargate  
  32  3:23  Stargate  
  32  3:34  Zealot x2  
  32  3:40  Assimilator  
  36  3:41  Probe x2  
  38  3:53  Probe x2  
  40  4:01  Pylon  
  40  4:05  Probe  
  40  4:06  Probe  
  40  4:08  Phoenix  
  40  4:09  Phoenix  
  46  4:19  Probe x2  
  48  4:31  Gateway x2, Probe x2  
  48  4:33  Gateway  
  48  4:35  Gateway  
  50  4:42  Phoenix  
  52  4:54  Probe x2  
  54  5:00  Pylon  
  54  5:01  Pylon  
  54  5:03  Assimilator  
  54  5:18  Phoenix x2  
  58  5:23  Zealot x2  
  58  5:27  Zealot x2  
  66  5:36  Pylon  
  66  5:38  Pylon  
  66  5:39  Probe x2  
  66  5:40  Pylon  
  66  5:41  Protoss Air Weapons Level 1  
  66  5:42  Pylon  
  68  5:46  Phoenix  
  70  5:54  Probe  
  71  5:59  Zealot x3  
  77  6:13  Phoenix  
  77  6:14  Phoenix  
  81  6:20  Probe  
  82  6:36  Robotics Facility  
  82  6:41  Phoenix  
  82  6:42  Phoenix  
  82  6:44  Zealot x3  
  82  6:45  Zealot x2  
  96  6:47  Zealot  
  98  7:05  Pylon  
  80  7:19  Zealot x6  
  90  7:40  Gateway  
  90  7:42  Warp Prism, Gateway  
  90  7:44  Gateway  
  92  7:47  Gateway, Zealot x2  
  96  7:51  Zealot  
  98  8:03  Pylon, Probe  
  98  8:05  Pylon  
  98  8:06  Pylon  
  99  8:15  Zealot x3  
  99  8:16  Zealot  
  107  8:31  Twilight Council  
  107  8:45  Zealot x3  
  107  8:47  Pylon  
  113  8:48  Pylon  
  113  8:50  Charge, Pylon  
  113  8:51  Zealot  
  113  8:52  Zealot  
  117  9:04  Zealot x3  
  117  9:06  Zealot  
  125  9:29  Zealot x4  
  125  9:30  Zealot  
  135  9:39  Pylon  
  135  9:44  Pylon x2  
  135  9:52  Zealot x3  
  141  10:01  Stalker  
  141  10:03  Zealot x2  
  141  10:06  Zealot  
  149  10:12  Zealot  
  151  10:40  Zealot x6  
  151  10:41  Zealot x2  
  167  10:43  Zealot  
  169  10:53  Pylon  
  169  10:54  Pylon  
  155  11:15  Zealot x6  
  165  11:43  Zealot x5  
  165  11:44  Zealot x3  
  175  12:06  Zealot x6  
  185  12:13  Warp Prism  
  181  12:27  Zealot x3  
  179  12:45  Zealot x4  
  185  13:17  Zealot x6  
  193  13:37  Zealot x2  
  189  14:15  Zealot x4  
  197  15:02  Observer  
  197  15:20  Pylon  
  197  15:39  Observer  
  197  16:23  Observer  
Show
View Real Time Build Order
Export as new Build Order

I.A. 1 (Molto difficile) Zerg 

Build Orders: 1 Base Baneling Bust, Pool First 

Get SALT Encoding   

  12  0:00  Drone  
  13  0:12  Overlord  
  13  0:16  Drone  
  14  0:30  Drone  
  14  0:31  Drone  
  16  0:42  Spawning Pool  
  15  0:44  Drone  
  15  0:48  Drone  
  17  0:52  Extractor  
  17  0:55  Drone  
  17  1:06  Overlord  
  17  1:29  Queen  
  17  1:31  Zergling x2  
  20  1:35  Roach Warren  
  20  1:38  Drone  
  20  1:40  Extractor  
  20  1:43  Zergling x2  
  20  1:49  Drone  
  21  2:00  Drone  
  22  2:10  Overlord  
  22  2:21  Drone  
  23  2:32  Roach  
  23  2:36  Drone  
  26  2:39  Overlord  
  26  2:43  Roach  
  28  2:55  Roach  
  30  3:05  Overlord  
  30  3:06  Roach  
  30  3:12  Drone  
  33  3:16  Drone  
  33  3:18  Roach  
  36  3:22  Drone  
  37  3:29  Ravager x2  
  37  3:30  Ravager  
  37  3:31  Ravager  
  37  3:33  Roach  
  43  3:41  Overlord  
  43  3:44  Roach  
  45  3:50  Drone  
  46  3:56  Roach  
  46  3:59  Drone  
  46  4:01  Baneling Nest  
  48  4:09  Drone, Evolution Chamber  
  48  4:11  Drone, Roach  
  48  4:14  Drone  
  52  4:20  Overlord  
  54  4:31  Roach  
  54  4:43  Roach  
  56  6:26  Zerg Melee Weapons Level 1, Overlord, Lair  
  56  6:27  Spore Crawler  
  56  6:30  Drone, Spore Crawler  
  55  6:34  Hatchery  
  55  6:35  Drone  
  55  6:54  Spine Crawler, Drone  
  54  6:55  Spine Crawler  
  54  6:56  Drone  
  54  7:01  Zergling x2  
  44  7:21  Roach  
  32  7:23  Burrow  
  32  7:26  Hydralisk Den  
  29  7:31  Roach  
  31  7:45  Queen  
  31  7:46  Drone  
  31  7:47  Drone x4  
  31  7:49  Drone  
  39  7:51  Drone  
  39  7:52  Drone x4  
  39  7:54  Extractor, Drone, Hydralisk  
  39  7:58  Spore Crawler  
  45  7:59  Drone x2  
  45  8:01  Lurker Den  
  45  8:03  Spore Crawler  
  45  8:04  Ravager  
  45  8:05  Drone, Evolution Chamber  
  46  8:07  Drone  
  47  8:16  Drone  
  47  8:18  Drone  
  49  8:20  Zerg Ground Armor Level 1  
  49  8:21  Queen  
  49  8:24  Drone, Hydralisk  
  49  8:26  Drone  
  55  8:28  Drone  
  55  8:29  Drone  
  55  8:31  Zerg Missile Weapons Level 1  
  57  8:38  Drone  
  57  8:39  Drone  
  59  8:49  Drone, Hydralisk  
  59  8:52  Drone  
  63  8:57  Overseer  
  63  8:59  Roach  
  63  9:00  Spine Crawler  
  64  9:03  Spine Crawler  
  64  9:08  Infestation Pit, Hydralisk  
  64  9:15  Spire  
  64  9:17  Drone, Hydralisk  
  66  9:27  Hydralisk, Lurker  
  69  9:33  Overseer  
  69  9:34  Extractor  
  69  9:35  Drone  
  69  9:36  Hydralisk  
  71  9:45  Hydralisk  
  71  9:46  Overlord, Lurker x2  
  75  9:55  Hydralisk  
  75  9:56  Drone x2  
  79  10:36  Pneumatized Carapace, Overlord, Roach  
  79  10:40  Roach  
  83  10:43  Roach  
  83  10:46  Hatchery  
  83  10:47  Roach  
  86  10:50  Infestor  
  86  10:54  Roach  
  86  10:56  Overlord  
  86  10:57  Overseer  
  90  10:58  Roach  
  90  11:01  Roach  
  71  11:05  Roach  
  71  11:08  Roach  
  69  11:12  Roach  
  69  11:13  Overseer  
  69  11:15  Infestor  
  73  11:19  Zergling x2  
  73  11:22  Hydralisk  
  73  11:24  Roach  
  76  11:26  Roach x2  
  76  11:29  Hydralisk  
  76  11:32  Overlord  
  80  11:33  Hydralisk  
  80  11:37  Roach  
  76  11:40  Hydralisk  
  76  11:44  Hydralisk  
  63  11:48  Hydralisk  
  63  11:51  Overseer  
  63  11:52  Roach  
  63  11:53  Queen  
  66  11:56  Overlord, Roach  
  66  11:57  Roach  
  66  11:58  Roach  
  66  12:01  Drone  
  54  12:02  Zergling x2  
  54  12:06  Roach  
  45  12:10  Drone  
  45  12:12  Drone  
  39  12:16  Extractor  
  39  12:17  Drone  
  39  12:19  Drone x2  
  39  12:20  Drone  
  39  12:21  Roach  
  30  12:23  Extractor  
  30  12:25  Roach  
  30  12:26  Drone x2  
  30  12:28  Drone  
  30  12:29  Drone  
  30  12:31  Drone  
  30  12:33  Drone x4  
  30  12:34  Drone x2  
  28  12:41  Drone x2, Hydralisk  
  28  12:42  Drone x2  
  28  12:46  Drone  
  28  12:48  Hatchery  
  28  12:50  Drone  
  28  12:53  Hydralisk  
  28  12:55  Drone  
  28  12:58  Drone x2  
  22  12:59  Drone  
  22  13:01  Drone  
  22  13:04  Drone  
  20  13:17  Drone x2  
  18  13:22  Drone  
  18  13:24  Queen  
  18  13:25  Drone  
  18  13:35  Drone  
  18  13:39  Hatchery  
  18  13:40  Drone  
  18  13:44  Drone  
  16  13:51  Drone  
  16  13:53  Queen  
  17  13:57  Drone  
  17  13:59  Queen  
  16  14:09  Overlord  
  9  14:50  Drone  
  9  14:51  Drone  
Tags
 
Add a new tag
Caveats
  • Supply blocks, unpowered buildings, or Contaminate may cause inaccurate times.
  • Supply counts are checked every 10 seconds.